 Dungeon Crawl Stone Soup version 0.29.0-13-gc9e81de378 (webtiles) character file.

Game seed: 7371353369814607702

115 hawla the Firebug (level 4, -10/24 HPs)
             Began as a Deep Elf Fire Elementalist on Sept 10, 2022.
             Mangled by an ogre
             ... wielding a +0 giant spiked club
              (34 damage)
             ... on level 4 of the Dungeon.
             The game lasted 00:06:57 (2839 turns).

hawla the Firebug (Deep Elf Fire Elementalist)      Turns: 2839, Time: 00:06:59

Health: -10/24     AC:  4    Str:  5    XL:     4   Next: 68%
Magic:  8/12       EV: 12    Int: 22    God:
Gold:   227        SH:  0    Dex: 15    Spells: 4/11 levels left

rFire   . . .      SeeInvis .   n - +2 whip (venom)
rCold   . . .      Faith    .   (no shield)
rNeg    . . .      Spirit   .   a - +1 robe
rPois   .          Reflect  .   (no helmet)
rElec   .          Harm     .   c - +0 cloak
rCorr   .          Rampage  .   (no gloves)
Will    .....                   (no boots)
Stlth   ++........              (no amulet)
HPRegen 0.08/turn               (no ring)
MPRegen 0.13/turn               (no ring)

@: no status effects
A: no striking features
a: no special abilities


You were on level 4 of the Dungeon.
You visited 1 branch of the dungeon, and saw 4 of its levels.

You collected 227 gold pieces.

Inventory:

Hand Weapons
 n - a +2 whip of venom (weapon)
 w - a +0 quarterstaff
Missiles
 e - 2 throwing nets
 l - 4 poisoned darts
 s - 4 atropa-tipped darts
Armour
 a - a +1 robe (worn)
 c - a +0 cloak (worn)
Scrolls
 f - a scroll of enchant armour
 h - a scroll of silence
 k - 2 scrolls of teleportation
 u - a scroll of identify
Potions
 b - a potion of magic
 g - a potion of curing {unknown}
 i - a potion of might
 j - a potion of heal wounds
 m - a potion of degeneration {unknown}
 p - a potion of flight {unknown}
 q - a potion of invisibility
 t - a potion of attraction {unknown}


   Skills:
 - Level 2.6 Dodging
 - Level 3.0 Stealth
 - Level 4.0 Spellcasting
 * Level 2.5 Conjurations
 * Level 4.7 Fire Magic


You had 4 spell levels left.
You knew the following spells:

 Your Spells              Type           Power      Damage    Failure   Level
a - Foxfire               Conj/Fire      80%        2x1d8     2%          1
b - Scorch                Fire           50%        2d7       2%          2
c - Flame Wave            Conj/Fire      20%        2d7       26%         4

Your spell library contained the following spells:

 Spells                   Type           Power      Damage    Failure   Level
 Conjure Flame            Conj/Fire      20%        6-21      8%          3
 Necrotise                Necr           16%        1d4       11%         1
 Slow                     Hex            16%        N/A       11%         1
 Inner Flame              Hex/Fire       14%        N/A       13%         3
 Ensorcelled Hibernation  Hex/Ice        8%         N/A       17%         2
 Confusing Touch          Hex            4%         N/A       32%         3
 Spider Form              Tmut/Pois      4%         N/A       32%         3
 Vampiric Draining        Necr           4%         2d6       32%         3
 Anguish                  Hex/Necr       2%         N/A       73%         4
 Agony                    Necr           4%         N/A       97%         5


Dungeon Overview and Level Annotations

Branches:
Dungeon (4/15)
 Temple: D:4-7

Altars:
Dithmenos
Nemelex Xobeh
Qazlal


Message History

Okay, then.
Search for what [Enter for "weap", or ? for help]? rmo
(D) Dungeon
Where to? (Enter - D:3 @ (x,y), ? - help)
What level of the Dungeon? (default 1, ? - help)
There is a stone staircase leading down here.
You climb downwards.
You hear the sound of rushing water.
There is an entrance to a sewer on this level.
Hurry and find it before the portal rusts away!
There is a stone staircase leading up here.
Really read the scroll of immolation?
You can't even see any enemies this would affect.
Okay, then.
Unknown command.
Autopickup disabled for scrolls of immolation.
You drop a scroll of immolation.
As you read the scroll labelled QAUTEI MEHEIB, it crumbles to dust.
It is a scroll of amnesia.
Really abort (and waste the scroll)?
Okay, then.
As you read the scroll labelled MOHOEFEIMP, it crumbles to dust.
The scroll dissolves into smoke.
It was a scroll of fog.
As you read the scroll labelled JUDASHR HUNUCUQ, it crumbles to dust.
You assume a fearsome visage.
Nothing appears to happen.
It was a scroll of fear.
Found a robe.
Autopickup is now off.
An ogre comes into view. It is wielding a +0 giant spiked club.
The ogre shouts!
Casting: Foxfire (safe; 2% risk of failure)
Confirm with . or Enter, or press ? or * to list all spells.
Flames lash the ogre.
The ogre is moderately wounded.
The ogre's fire resistance burns away.
Casting: Scorch (safe; 2% risk of failure)
Confirm with . or Enter, or press ? or * to list all spells.
Flames lash the ogre.
The ogre is burned terribly!
The ogre is severely wounded.
The ogre hits you with a +0 giant spiked club!!
Ouch! That really hurt!
You die...

## .##
#..
#..#
#..[
#..O##
#@##
##.##
##.##
##.##
##.###
#...#
##..##
##..##
##..#


You could see an ogre (combustible).

Vanquished Creatures
  Natasha (D:3)
  2 adders
  A worm (D:3)
  A dart slug (D:1)
  An orc (D:3)
  6 ball pythons
  5 bats
  6 endoplasms
  6 giant cockroaches
  7 goblins
  8 hobgoblins
  2 jackals (D:1)
  A quokka (D:1)
  3 frilled lizards
  3 kobolds
  6 rats
59 creatures vanquished.

Vanquished Creatures (others)
  123 foxfires
123 creatures vanquished.

Grand Total: 182 creatures vanquished

Notes
Turn   | Place    | Note
-------+----------+-------------------------------------------
     0 | D:1      | hawla the Deep Elf Fire Elementalist began the quest for
                  | the Orb.
     0 | D:1      | Reached XP level 1. HP: 10/10 MP: 6/6
   121 | D:1      | Reached XP level 2. HP: 15/15 MP: 5/8
   124 | D:1      | Learned a level 2 spell: Scorch
   527 | D:1      | Reached XP level 3. HP: 19/19 MP: 2/9
   790 | D:1      | Found a faded altar of an unknown god.
  1785 | D:3      | Found a sparkling altar of Nemelex Xobeh.
  1787 | D:3      | Found a stormy altar of Qazlal.
  1922 | D:3      | Reached XP level 4. HP: 20/24 MP: 9/12
  1927 | D:3      | Learned a level 4 spell: Flame Wave
  2204 | D:3      | Noticed Natasha
  2210 | D:3      | Killed Natasha
  2474 | D:3      | Found a shadowy altar of Dithmenos.
  2837 | D:4      | Noticed an ogre
  2839 | D:4      | Mangled by an ogre

Illustrated notes

Levels and vault maps discovered:
D:1:      ncdulo_wetmaze, layout_rooms, basic_ecumenical_altar,
          minmay_hexomino_u4
D:2:      layout_basic, grunt_decor_mini_mirrors
D:3:      layout_loops_ring, mainiacjoe_overflow_chevrons, jmf_multi_god_temple,
          uniq_natasha
D:4:      layout_layer_cave, gup_sewer_entry_spiral, uniq_grinder, uniq_pikel,
          uniq_blork_the_orc

Skill      XL: |  1  2  3 |
---------------+----------+-----
Fire Magic     | 4 |  4.7
Conjurations   | 2 |  2.5
Stealth        | 3 |  3.0
Spellcasting   | 4 |  4.0
Dodging        | |  2.6

Action                   |  1- 3 |  4- 6 || total
-------------------------+-------+-------++-------
Melee: Whip              |     4 |       ||     4
       Unarmed           |     1 |       ||     1
 Cast: Foxfire           |    50 |    19 ||    69
       Scorch            |    15 |    10 ||    25
  Use: Scroll            |     9 |     3 ||    12
 Stab: Sleeping          |     1 |       ||     1
Armor: Robe              |     4 |     1 ||     5
Dodge: Dodged            |    11 |     2 ||    13
